 Dungeon Crawl Stone Soup version 0.29.1-13-g9f3cf754e1 (webtiles) character file.

Game seed: 7433426819799086899

2130 MacCMillion the Carver (level 8, -15/63 HPs)
             Began as a Demigod Gladiator on Jan 25, 2023.
             Demolished by a swamp worm (22 damage)
             ... on level 7 of the Dungeon.
             The game lasted 00:19:54 (11324 turns).

MacCMillion the Carver (Demigod Gladiator)         Turns: 11324, Time: 00:19:55

Health: -15/63     AC:  8    Str: 15    XL:     8   Next: 82%
Magic:  10/10      EV: 14    Int: 10    God:
Gold:   352        SH:  0    Dex: 29    Spells: 7/7 levels left

rFire   . . .      SeeInvis .   F - +0 long sword (vamp)
rCold   . . .      Faith    .   (no shield)
rNeg    . . .      Spirit   .   b - +0 leather armour
rPois   +          Reflect  .   m - +2 helmet
rElec   .          Harm     .   j - +0 cloak
rCorr   .          Rampage  .   f - +0 pair of gloves
Will    .....                   (no boots)
Stlth   ++........              p - amulet of the acrobat
HPRegen 0.20/turn               E - ring of poison resistance
MPRegen 0.12/turn               t - +6 ring of dexterity

@: very slow
A: high MP 1, forlorn, divine attributes
a: no special abilities


You were on level 7 of the Dungeon.
You visited 1 branch of the dungeon, and saw 7 of its levels.

You collected 453 gold pieces.
You spent 101 gold pieces at shops.

Inventory:

Hand Weapons
 a - a +0 long sword
 F - a +0 vampiric long sword (weapon)
Missiles
 d - 3 throwing nets
 e - a javelin
 v - 18 poisoned darts (quivered)
 w - a boomerang of dispersal
 x - 9 boomerangs
Armour
 b - a +0 leather armour (worn)
 f - a +0 pair of gloves (worn)
 j - a +0 cloak (worn)
 m - a +2 helmet (worn)
Jewellery
 h - a ring of resist corrosion
 p - an amulet of the acrobat (around neck)
 t - a +6 ring of dexterity (right hand)
 E - a ring of poison resistance (left hand)
 G - an amulet of regeneration
Wands
 s - a wand of roots (22)
 u - a wand of paralysis (2)
Scrolls
 c - 4 scrolls of enchant weapon
 i - 2 scrolls of immolation
 l - a scroll of vulnerability
 n - a scroll of fear
 r - a scroll of blinking
 y - a scroll of summoning {unknown}
 A - 2 scrolls of butterflies {unknown}
 D - a scroll of teleportation
 H - a scroll of enchant armour {unknown}
 K - a scroll of noise {unknown}
Potions
 g - 5 potions of curing
 k - a potion of cancellation
 o - a potion of heal wounds
 q - a potion of degeneration
 z - 2 potions of flight
 B - a potion of might {unknown}
 C - a potion of invisibility {unknown}
 I - a potion of berserk rage {unknown}
 J - a potion of lignification {unknown}


   Skills:
 - Level 3.0 Fighting
 + Level 10.6 Long Blades
 - Level 1.7 Throwing
 + Level 3.4 Dodging
 - Level 2.0 Stealth


You had 7 spell levels left.
You didn't know any spells.
Your spell library contained the following spells:

 Spells                   Type           Power      Damage    Failure   Level
 Magic Dart               Conj           0%         1d3       43%         1
 Necrotise                Necr           0%         1d4       43%         1
 Sandblast                Erth           0%         2d4       43%         1
 Slow                     Hex            0%         N/A       43%         1
 Call Imp                 Summ           0%         N/A       56%         2
 Passwall                 Tmut/Erth      0%         N/A       56%         2
 Call Canine Familiar     Summ           0%         N/A       80%         3
 Confusing Touch          Hex            0%         N/A       80%         3
 Ignite Poison            Fire/Tmut/Pois 0%         N/A       80%         3
 Mephitic Cloud           Conj/Pois/Air  0%         N/A       80%         3
 Ozocubu's Armour         Ice            0%         N/A       80%         3
 Portal Projectile        Hex/Tloc       0%         N/A       80%         3
 Stone Arrow              Conj/Erth      0%         3d7       80%         3
 Vampiric Draining        Necr           0%         2d6       80%         3
 Leda's Liquefaction      Hex/Erth       0%         N/A       99%         4
 Agony                    Necr           0%         N/A       100%        5
 Freezing Cloud           Conj/Ice/Air   0%         6-21      100%        5
 Metabolic Englaciation   Hex/Ice        0%         N/A       100%        5
 Simulacrum               Ice/Necr       0%         N/A       100%        6
 Ozocubu's Refrigeration  Ice            0%         4d7       100%        7


Dungeon Overview and Level Annotations

Branches:
Dungeon (7/15)             Temple (0/1) D:7

Shops:
D:2 !   D:3 !   D:7 !

Annotations:
D:3 exclusion: sky beast
D:4 1 runed translucent door


Innate Abilities, Weirdness & Mutations

You have an increased reservoir of magic. (+10% MP)
You shall have no god before yourself.
Your divine heritage dramatically boosts your attributes as you level up.


Message History

The plant is lightly damaged.
You slash the plant!
The plant is lightly damaged.
You hit the plant but do no damage.
The plant is lightly damaged.
Your unstable footing causes you to fumble your attack.
Why would you want to do that?
A nearby plant withers and dies.
A swamp worm comes into view.
You hit the plant.
The plant begins to die.
The plant is lightly damaged.
Your unstable footing causes you to fumble your attack.
You hit the plant.
The plant is lightly damaged.
Your unstable footing causes you to fumble your attack.
A nearby plant withers and dies.
You completely miss the swamp worm. The swamp worm bites you!
You slash the swamp worm!
The swamp worm is moderately wounded.
The swamp worm closely misses you.
Your unstable footing causes you to fumble your attack.
The swamp worm barely misses you.
Your unstable footing causes you to fumble your attack.
The swamp worm bites you!
Your unstable footing causes you to fumble your attack.
The swamp worm bites you.
You hit the swamp worm.
The swamp worm is heavily wounded.
The swamp worm bites you!
You are too injured to fight recklessly!
You are too injured to fight recklessly!
You are too injured to fight recklessly!
You barely miss the swamp worm.
The swamp worm is heavily wounded.
The swamp worm bites you!!
* * * LOW HITPOINT WARNING * * *
You closely miss the swamp worm.
The swamp worm is heavily wounded.
The swamp worm bites you!!
You die...

#.....#### #........#
#..#._.#.#
#........#########
#.............##.#
#.......#####.##.#######
#.........[#~~~~~......#
#......#.#.~~~~~~~####.#
######...#.~≈@~~≈~.....#
#####~~##w##~~..###
#~~~#~~~#~~~...#
############~≈##~~~##≈~.#.#
............~~#~~)~~#~~..>#
#######.....~≈##~~~##≈~.#.#
............~~~#w~~#~~~.#.#
........[....~~##~##~~..#.#
..............~≈###~~.###.#


You could see a swamp worm.

Vanquished Creatures
  A steam dragon (D:7)
  A sky beast (D:6)
  3 orc warriors (D:6)
  A black bear (D:5)
  2 ogres
  A kobold brigand (D:6)
  A necrophage (D:5)
  A gnoll sergeant (D:6)
  2 bullfrogs
  3 wights (D:7)
  2 howler monkeys (D:6)
  An electric eel (D:6)
  7 hounds
  3 jellies
  An orc priest (D:6)
  6 orc wizards
  9 gnolls
  5 adders
  A white imp (D:7)
  A worm (D:4)
  2 dart slugs
  39 orcs
  2 ball pythons
  9 endoplasms
  4 giant cockroaches
  8 goblins
  8 hobgoblins
  A jackal (D:4)
  10 kobolds
  4 quokkas
  5 bats
  2 frilled lizards (D:1)
  2 goblin skeletons (D:4)
  A jackal zombie (D:4)
  5 rats
154 creatures vanquished.

Vanquished Creatures (others)
  50 plants
50 creatures vanquished.

Grand Total: 204 creatures vanquished

Notes
Turn   | Place    | Note
-------+----------+-------------------------------------------
     0 | D:1      | MacCMillion the Demigod Gladiator began the quest for the
                  | Orb.
     0 | D:1      | Reached XP level 1. HP: 17/17 MP: 3/3
   419 | D:1      | Reached skill level 3 in Long Blades
   726 | D:1      | Reached XP level 2. HP: 22/24 MP: 4/4
  1462 | D:2      | Found Gisurph's Distillery.
  1470 | D:2      | Bought a potion of curing for 36 gold pieces
  1598 | D:2      | Reached XP level 3. HP: 30/30 MP: 5/5
  1847 | D:3      | Reached XP level 4. HP: 23/38 MP: 6/6
  2044 | D:3      | Reached skill level 4 in Long Blades
  2251 | D:3      | Noticed a sky beast
  2343 | D:3      | Found Pulablu's Distillery.
  2352 | D:3      | Bought a potion of heal wounds for 65 gold pieces
  2924 | D:4      | Found a runed translucent door.
  2924 | D:4      | Noticed a human
  3000 | D:4      | Noticed an ogre
  3015 | D:4      | Killed an ogre
  3016 | D:4      | Reached skill level 5 in Long Blades
  3016 | D:4      | Reached XP level 5. HP: 35/45 MP: 7/7
  4121 | D:5      | Entered Level 5 of the Dungeon
  4539 | D:5      | Reached skill level 6 in Long Blades
  4539 | D:5      | Reached XP level 6. HP: 25/51 MP: 8/8
  4986 | D:5      | Paralysed by an orc for 2 turns
  5296 | D:5      | Reached skill level 7 in Long Blades
  6487 | D:6      | Reached XP level 7. HP: 57/57 MP: 9/9
  7162 | D:6      | Reached skill level 8 in Long Blades
  7224 | D:6      | Found a runed translucent door.
  8041 | D:6      | Reached skill level 9 in Long Blades
  8164 | D:6      | Reached XP level 8. HP: 34/63 MP: 10/10
  9108 | D:7      | Found a staircase to the Ecumenical Temple.
  9134 | D:5      | Reached skill level 10 in Long Blades
 10289 | D:7      | Reached skill level 1 in Stealth
 11036 | D:7      | Found Guliz's Distillery.
 11324 | D:7      | Demolished by a swamp worm

Illustrated notes

Levels and vault maps discovered:
D:1:      scummos_arrival_simple_fountains, layout_loops_corners,
          dreamdust_ecumenical_altar_angels_and_demons
D:2:      layout_rooms, serial_shops, shop
D:3:      layout_basic, mainiacjoe_overflow_divided_tiny, serial_shops,
          nicolae_shop_crystal
D:4:      layout_gridville, tgw_xom, nicolae_ru_path_of_blood,
          dk_yredelemnul_ordeal, enter_ossuary_3, minivault_19
D:5:      layout_basic, minivault_11
D:6:      layout_basic, serial_bayou_lagoon_a, lightli_church_of_beogh
D:7:      layout_basic, mainiacjoe_overflow_alcove_2,
          mainiacjoe_overflow_tiny_flanked, minmay_temple_entry_statues,
          serial_shops, nicolae_shop_hallway_plus, worms_lemuel

Skill      XL: |  1  2  3  4  5  6  7  8 |
---------------+-------------------------+-----
Fighting       | 2 3 |  3.0
Long Blades    | 3 5 6 7 9 10 | 10.6
Dodging        | 3 |  3.4
Stealth        | 2 |  2.0
Throwing       | |  1.7

Action                   |  1- 3 |  4- 6 |  7- 9 || total
-------------------------+-------+-------+-------++-------
Melee: Long sword        |    96 |   223 |   259 ||   578
       Punch             |     1 |     3 |     4 ||     8
Throw: Throwing net      |       |     2 |     2 ||     4
       Dart              |       |       |    10 ||    10
       Boomerang         |       |       |     4 ||     4
  Use: Scroll            |       |     6 |     6 ||    12
 Stab: Sleeping          |     1 |     1 |       ||     2
       Held in net/web   |       |     1 |       ||     1
       Distracted        |       |       |     1 ||     1
Armor: Leather armour    |    26 |    70 |    71 ||   167
Dodge: Dodged            |    57 |   153 |   180 ||   390
